 Dungeon Crawl Stone Soup version 0.28-a0-706-gf6f64a616a (webtiles) character file.

Game seed: 797267148646711395

3783 KoroneIsBestGirl the Ogre Mage (level 10, 0/98 HPs)
             Began as an Ogre Ice Elementalist on Oct 25, 2021.
             Was an Initiate of Gozag.
             Slain by a centaur zombie (1 damage)
             ... on level 9 of the Dungeon.
             The game lasted 00:17:01 (12741 turns).

KoroneIsBestGirl the Ogre Mage (OgIE)              Turns: 12741, Time: 00:17:03

Health: 0/98       AC:  3    Str: 14    XL:     10   Next: 16%
Magic:  19/22      EV:  9    Int: 22    God:    Gozag
Gold:   514        SH:  7    Dex:  9    Spells: 17/25 levels left

rFire   + . .      SeeInvis .   m - +7 dagger "Nuog" {vorpal, *Slow rElec rF+ Int+3}
rCold   . . .      Faith    .   v - +0 kite shield
rNeg    . . .      Spirit   .   a - +0 robe
rPois   .          Reflect  .   (helmet restricted)
rElec   +          Harm     .   (no cloak)
rCorr   .          Rampage  .   (gloves unavailable)
Will    +....                   (boots unavailable)
Stlth   +.........              (no amulet)
HPRegen 0.26/turn               b - +4 ring of slaying
MPRegen 0.18/turn               (no ring)

@: lethally poisoned (0 -> -11), freezing walls, hasted, very quick
A: large, unfitting armour, tough skin 1
a: Renounce Religion, Potion Petition, Call Merchant, Bribe Branch


You were on level 9 of the Dungeon.
You worshipped Gozag.
Gozag was pleased with you.
You visited 2 branches of the dungeon, and saw 10 of its levels.

You collected 599 gold pieces.
You paid 85 gold pieces to Gozag.

Inventory:

Hand Weapons
 e - a +0 club
 i - a +2 dagger of protection
 m - the +7 dagger "Nuog" (weapon) {vorpal, *Slow rElec rF+ Int+3}
   (You took it off a wight on level 8 of the Dungeon)

   It inflicts extra damage upon your enemies.
   Int:       It affects your intelligence (+3).
   rF:        It protects you from fire.
   rElec:     It insulates you from electricity.
   *Slow:     It may slow you when you take damage.
Armour
 a - a +0 robe (worn)
 v - a +0 kite shield (worn)
Magical Staves
 g - a staff of fire
Jewellery
 b - a +4 ring of slaying (left hand)
 r - a ring of willpower
Wands
 t - a wand of flame (40)
 y - a wand of digging (6)
Scrolls
 j - 3 scrolls of fog
 l - a scroll of silence
 n - 4 scrolls of immolation
 p - 3 scrolls of amnesia {unknown}
 s - a scroll of acquirement {unknown}
 x - a scroll of magic mapping {unknown}
 z - a scroll of fear
Potions
 c - 2 potions of mutation {unknown}
 d - a potion of brilliance {unknown}
 f - 3 potions of might
 h - a potion of invisibility {unknown}
 k - 6 potions of curing {unknown}
 o - 2 potions of heal wounds {unknown}
 q - a potion of berserk rage {unknown}
 u - a potion of degeneration {unknown}


   Skills:
 + Level 5.7 Fighting
 + Level 6.6 Dodging
 - Level 1.4 Stealth
 + Level 2.4 Shields
 + Level 8.0 Spellcasting
 + Level 3.8 Conjurations
 + Level 2.4 Fire Magic
 + Level 7.3 Ice Magic


You had 17 spell levels left.
You knew the following spells:

 Your Spells              Type           Power      Damage    Failure   Level
a - Freeze                Ice            100%       1d11      1%          1
b - Frozen Ramparts       Ice            82%        1d10      4%          3
c - Hailstorm             Conj/Ice       33%        3d8       30%         4

Your spell library contained the following spells:

 Spells                   Type           Power      Damage    Failure   Level
 Ozocubu's Armour         Ice            41%        N/A       4%          3
 Ensorcelled Hibernation  Hex/Ice        50%        N/A       10%         2
 Scorch                   Fire           38%        2d7       16%         2
 Static Discharge         Conj/Air       17%        N/A       21%         2
 Animate Skeleton         Necr           16%        N/A       30%         1
 Apportation              Tloc           16%        N/A       30%         1
 Pain                     Necr           32%        1d5       30%         1
 Summon Small Mammal      Summ           32%        N/A       30%         1
 Sticky Flame             Conj/Fire      22%        2d4       63%         4
 Spider Form              Tmut/Pois      4%         N/A       65%         3
 Fulminant Prism          Conj/Hex       8%         3d7       80%         4
 Iskenderun's Mystic Bla  Conj/Tloc      17%        2d5       80%         4
 Fireball                 Conj/Fire      11%        3d7       92%         5
 Dispel Undead            Necr           8%         3d8       96%         4
 Olgreb's Toxic Radiance  Pois           8%         N/A       96%         4
 Agony                    Necr           8%         N/A       100%        5
 Excruciating Wounds      Necr           4%         N/A       100%        5
 Starburst                Conj/Fire      11%        6d5       100%        6
 Ozocubu's Refrigeration  Ice            20%        4d9       100%        7
 Ignition                 Fire           9%         3d5       100%        8


Dungeon Overview and Level Annotations

Branches:
Dungeon (9/15)             Temple (1/1) D:7            Lair (0/6) D:8
    Orc: D:9-12

Altars:
Elyvilon
Fedhas
Gozag
Makhleb
Ru
Uskayaw
Vehumet
Wu Jian

Shops:
D:4 ?   D:5 :   D:8 [

Annotations:
D:4 Edmund


Innate Abilities, Weirdness & Mutations

You are too large for most types of armour.
You have tough skin. (AC +1)


Message History

The centaur zombie kicks you but does no damage.
You barely miss the centaur zombie.
The centaur zombie hits you but does no damage.
The centaur zombie kicks you but does no damage.
The centaur zombie hits you. The centaur zombie kicks you.
The meliai hits you with a +0 war axe! You block the meliai's attack.
You hit the meliai.
The meliai is lightly wounded.
You block the meliai's attack. The meliai stings you!
The centaur zombie misses you.
The centaur zombie kicks you but does no damage.
The meliai hits you with a +0 war axe! The meliai stings you.
The centaur zombie hits you. The centaur zombie barely misses you.
Casting: Freeze (safe; 1% risk of failure)
Confirm with . or Enter, or press ? or * to list all spells.
Casting: Frozen Ramparts (mildly dangerous; 4% risk of failure)
Press: ? - help, Dir - look around, f - activate The walls around you are covered in ice.
The wall freezes the meliai.
The meliai misses you. The meliai stings you.
* * * LOW HITPOINT WARNING * * *
You are poisoned.
The meliai poisons you!
The wall freezes the meliai.
The meliai invokes the aid of its god against you.
Something smites you!
* * * LOW HITPOINT WARNING * * *
You block the centaur zombie's attack. The centaur zombie barely misses you.
Casting: Frozen Ramparts (mildly dangerous; 4% risk of failure)
Confirm with . or Enter, or press ? or * to list all spells.
Aiming: Freeze (safe; 1% risk of failure)
Press: ? - help, Shift-Dir - straight line, f - you
Okay, then.
Unknown command.
You feel yourself speed up.
* * * LOW HITPOINT WARNING * * *
You feel very sick.
The wall freezes the meliai.
The meliai hits you with a +0 war axe.
* * * LOW HITPOINT WARNING * * *
You block the meliai's attack. The centaur zombie hits you.
You die...
Your body crumbles into a pile of gold.

##.# #.
########.###
#.##
##..........#
#..#
............#
#<.
#.<........#
##+
#..........#
#..........##.
#.....Z.....(.#
#.....@....####
######y#####
##..# #..##
#.## #$# #'#
#...........
#...........


You could see a meliai and a centaur zombie.

Vanquished Creatures
  A komodo dragon (D:8)
  A meliai (D:9)
  8 yaks
  A steam dragon (D:8)
  An acid dragon (D:9)
  A water moccasin (D:6)
  A sky beast (D:5)
  2 centaurs
  A bullfrog (D:6)
  A kobold brigand (D:7)
  A gnoll sergeant (D:6)
  A wyvern zombie (D:6)
  A scorpion (D:5)
  2 water moccasin skeletons (D:4)
  5 wights (D:8)
  A howler monkey (D:7)
  2 centaur zombies
  A bullfrog zombie (D:6)
  3 hounds
  2 jellies (D:8)
  A bullfrog skeleton (D:5)
  An orc priest (D:3)
  Jessica (D:3)
  6 iguanas
  2 orc wizards (D:5)
  2 hound skeletons
  Robin (D:2)
  12 adders
  7 gnolls
  A white imp (D:8)
  An ufetubus (D:4)
  An adder zombie (D:5)
  3 adder skeletons (D:4)
  3 worms
  3 dart slugs
  19 orcs
  4 bats
  5 endoplasms
  3 giant cockroaches
  15 hobgoblins
  6 jackals
  7 kobolds
  8 quokkas
  14 ball pythons
  3 frilled lizards (D:2)
  15 goblins
  A quokka skeleton (D:4)
  3 rats
185 creatures vanquished.

Vanquished Creatures (others)
  14 plants (D:8)
14 creatures vanquished.

Grand Total: 199 creatures vanquished

Notes
Turn   | Place    | Note
-------+----------+-------------------------------------------
     0 | D:1      | KoroneIsBestGirl the Ogre Ice Elementalist began the quest
                  | for the Orb.
     0 | D:1      | Reached XP level 1. HP: 16/16 MP: 3/3
   335 | D:1      | Found a faded altar of an unknown god.
   414 | D:1      | Reached XP level 2. HP: 24/24 MP: 3/5
  1486 | D:2      | Reached skill level 3 in Spellcasting
  1492 | D:2      | Reached XP level 3. HP: 24/31 MP: 1/7
  1669 | D:2      | Learned a level 3 spell: Frozen Ramparts
  1691 | D:2      | Found a white marble altar of Elyvilon.
  1971 | D:2      | Reached XP level 4. HP: 24/39 MP: 2/9
  2517 | D:2      | Noticed Robin
  2551 | D:2      | Killed Robin
  2833 | D:3      | Reached XP level 5. HP: 45/45 MP: 4/10
  2970 | D:3      | Reached skill level 4 in Spellcasting
  3475 | D:3      | Noticed Jessica
  3482 | D:3      | Killed Jessica
  3812 | D:4      | Identified the +1 robe of Poor Excuses {+Inv rElec rN+
                  | Str-4}
  3856 | D:4      | Reached XP level 6. HP: 53/53 MP: 8/12
  3973 | D:4      | Found Qitt's Magic Scroll Emporium.
  4176 | D:4      | Noticed Edmund
  4200 | D:4      | Reached skill level 5 in Ice Magic
  4357 | D:4      | Reached skill level 5 in Spellcasting
  4449 | D:4      | Reached XP level 7. HP: 54/59 MP: 11/14
  4578 | D:4      | Found a burning altar of Makhleb.
  4970 | D:5      | Entered Level 5 of the Dungeon
  5865 | D:5      | Found Eplaf's Book Boutique.
  6425 | D:5      | Reached skill level 6 in Spellcasting
  6425 | D:5      | Reached XP level 8. HP: 63/67 MP: 13/17
  6470 | D:5      | Reached skill level 5 in Dodging
  6958 | D:6      | Learned a level 4 spell: Hailstorm
  7463 | D:6      | Reached skill level 1 in Fighting
  7592 | D:6      | Reached skill level 1 in Conjurations
  8322 | D:7      | Found a staircase to the Ecumenical Temple.
  8328 | Temple   | Entered the Ecumenical Temple
  8377 | Temple   | Became a worshipper of Gozag Ym Sagoz the Greedy
  8445 | D:7      | Noticed a vault sentinel
  8445 | D:7      | Noticed a vault sentinel
  9076 | D:8      | Reached skill level 7 in Spellcasting
  9082 | D:8      | Reached XP level 9. HP: 6/83 MP: 13/19
  9507 | D:8      | Identified the +7 dagger "Nuog" {vorpal, *Slow rElec rF+
                  | Int+3}
 11033 | D:8      | Found a blossoming altar of Fedhas.
 11081 | D:8      | Found an ornate altar of the Wu Jian Council.
 11286 | D:8      | Reached skill level 1 in Shields
 11286 | D:8      | Reached skill level 1 in Fire Magic
 11500 | D:8      | Identified the +4 hunting sling "Beetleslayer" {freeze, rN+
                  | SInv}
 11503 | D:8      | Found a radiant altar of Vehumet.
 11706 | D:8      | Found a staircase to the Lair.
 11708 | D:8      | Noticed a komodo dragon
 11720 | D:8      | Killed a komodo dragon
 11721 | D:8      | Reached skill level 5 in Fighting
 12022 | D:8      | Found Asuocoez's Armour Shoppe.
 12134 | D:9      | Noticed a boulder beetle
 12341 | D:9      | Noticed a meliai
 12354 | D:9      | Reached XP level 10. HP: 71/96 MP: 11/21
 12360 | D:9      | Reached skill level 8 in Spellcasting
 12651 | D:9      | Got the Grimoire of Torrid Battle Magic
 12741 | D:9      | HP: 1/98 [meliai (6)]
 12741 | D:9      | Slain by a centaur zombie

Illustrated notes

Levels and vault maps discovered:
D:1:      zelgadis_glass_arrival_small, layout_loops_ring,
          shapermc_ecumenical_altar_venn
D:2:      layout_rooms, basic_altar, minmay_hexomino_u4, uniq_robin
D:3:      layout_loops_ring, uniq_jessica
D:4:      minmay_octagon_keep, layout_basic, lightli_temple_of_fire,
          serial_shops, nicolae_square_shop, hangedman_decor_points,
          minmay_misc_feat_more_columns, dk_rats_in_the_wall, uniq_edmund
D:5:      layout_loops_ring, serial_shops, shop, grunt_ministairs_2
D:6:      layout_loops_ring
D:7:      layout_loops_corners, minmay_temple_entry_gardened_gates,
          nicolae_ossuary_entry_monument, hellmonk_guarded_unrand_gong
D:8:      layout_basic, vehumet_altar_wand_db,
          nicolae_wu_jian_immortal_techniques, mainiacjoe_overflow_24_doors,
          david_lair_shrubbed, serial_shops, nicolae_shop_behind_doors,
          bh_walls_and_bars
D:9:      layout_roguey, kennysheep_mini_moat, zin_scriptorium, minmay_evil_grid
Temple:   regret_index_temple_generic_petals

Skill      XL: |  1  2  3  4  5  6  7  8  9 10 |
---------------+-------------------------------+-----
Dodging        | 2 3 4 5 6 |  6.6
Spellcasting   | 3 4 5 6 7 8 |  8.0
Ice Magic      | 4 5 6 7 |  7.3
Fighting       | 3 5 |  5.7
Conjurations   | 2 3 |  3.8
Shields        | 2 |  2.4
Fire Magic     | 2 |  2.4
Stealth        | |  1.4

Action                   |  1- 3 |  4- 6 |  7- 9 | 10-12 || total
-------------------------+-------+-------+-------+-------++-------
Melee: Unarmed           |     2 |       |       |       ||     2
       Dagger            |    24 |    51 |   124 |     2 ||   201
       Club              |     8 |     5 |       |       ||    13
 Cast: Freeze            |    47 |    67 |   121 |     7 ||   242
       Frozen Ramparts   |     1 |     7 |    20 |     3 ||    31
  Use: Scroll            |       |     3 |     4 |     1 ||     8
       Potion            |       |       |     2 |     1 ||     3
Armor: Robe              |    24 |    37 |    75 |     5 ||   141
Dodge: Dodged            |    42 |    50 |   150 |     6 ||   248
Block: Kite shield       |       |       |     3 |     8 ||    11

Table legend: (Time is in decaauts)
 A = Elapsed time spent in this place.
 B = Non-inter-level travel time spent in this place.
 C = Inter-level travel time spent in this place.
 D = Time resting spent in this place.
 E = Time spent auto-exploring this place.
 F = Levels seen in this place.
 G = Mean time per level.
                   A        B        C        D        E       F      G
               +--------+--------+--------+--------+--------+-----+--------+
         Total |  12755 |  12247 |    508 |   3665 |   7185 |  10 | 1275.5 |
       Dungeon |  12687 |  12206 |    481 |   3665 |   7148 |   9 | 1409.7 |
        Temple |     67 |     40 |     27 |      0 |     37 |   1 |   67.0 |
               +--------+--------+--------+--------+--------+-----+--------+

Top non-repeatable levels by time:
     D:8: 1955 daAuts
     D:4: 1916 daAuts
     D:6: 1729 daAuts
     D:1: 1477 daAuts
     D:7: 1470 daAuts
     D:2: 1350 daAuts
     D:5: 1221 daAuts
     D:3: 985 daAuts
     D:9: 580 daAuts
  Temple: 67 daAuts
